 Dungeon Crawl Stone Soup version 0.28.0-53-g5a82cb258f (webtiles) character file.

Game seed: 325319780657811244

183 buhh the Bolt Thrower (level 5, -1/43 HPs)
             Began as a Formicid Hunter on June 21, 2022.
             Slain by Grinder (11 damage)
             ... on level 4 of the Dungeon.
             The game lasted 00:05:30 (2968 turns).

buhh the Bolt Thrower (Formicid Hunter)             Turns: 2968, Time: 00:05:30

Health: -1/43      AC:  3    Str: 18    XL:     5   Next: 94%
Magic:  5/5        EV: 11    Int: 11    God:
Gold:   166        SH:  0    Dex: 11    Spells: 4/4 levels left

rFire   . . .      SeeInvis +   a - +1 hand crossbow
rCold   . . .      Faith    .   (no shield)
rNeg    . . .      Spirit   .   c - +0 leather armour
rPois   .          Reflect  .   (helmet unavailable)
rElec   .          Harm     .   (no cloak)
rCorr   .          Rampage  .   (no gloves)
Will    .....                   (no boots)
Stlth   +.........              (no amulet)
HPRegen 0.14/turn               (no ring)
MPRegen 0.09/turn               (no ring)

@: no status effects
A: permanent stasis, dig shafts and tunnels, antennae 3, four strong arms
a: Dig, Shaft Self


You were on level 4 of the Dungeon.
You visited 1 branch of the dungeon, and saw 4 of its levels.

You collected 166 gold pieces.

Inventory:

Hand Weapons
 a - a +1 hand crossbow (weapon)
 b - a +0 short sword
Missiles
 d - 7 bolts (quivered ammo)
 n - 7 poisoned darts
Armour
 c - a +0 leather armour (worn)
Jewellery
 f - a ring of magical power
 l - a ring of flight
Scrolls
 e - 2 scrolls of identify {unknown}
 g - a scroll of amnesia {unknown}
 j - a scroll of blinking {unknown}
Potions
 h - a potion of lignification {unknown}
 i - 2 potions of curing {unknown}
 k - a potion of degeneration {unknown}
 m - a potion of heal wounds {unknown}


   Skills:
 + Level 4.6 Fighting
 + Level 5.5 Crossbows
 - Level 1.7 Dodging
 - Level 1.2 Stealth


You had 4 spell levels left.
You didn't know any spells.
Your spell library contained the following spells:

 Spells                   Type           Power      Damage    Failure   Level
 Slow                     Hex            0%         N/A       38%         1
 Ensorcelled Hibernation  Hex/Ice        0%         N/A       54%         2
 Confusing Touch          Hex            0%         N/A       77%         3
 Conjure Flame            Conj/Fire      0%         6-21      77%         3
 Ignite Poison            Fire/Tmut/Pois 0%         N/A       77%         3
 Spider Form              Tmut/Pois      0%         N/A       77%         3
 Vampiric Draining        Necr           0%         2d6       77%         3
 Anguish                  Hex/Necr       0%         N/A       99%         4
 Sticky Flame             Conj/Fire      0%         2d3       99%         4


Dungeon Overview and Level Annotations

Branches:
Dungeon (4/15)
 Temple: D:4-7

Altars:
Okawaru

Annotations:
D:2 1 runed translucent door, Crazy Yiuf
D:4 Grinder


Innate Abilities, Weirdness & Mutations

You cannot be hasted, slowed, berserked, paralysed or teleported.
You can dig through walls and to a lower floor.
You have a pair of large antennae on your head. (SInv)
Your four strong arms can wield two-handed weapons with a shield.


Message History

You kill the endoplasm!
No target in view!
d - 11 bolts (gained 1)
d - 12 bolts (gained 1)
d - 13 bolts (gained 1)
You sense a monster nearby.
You open the door.
Grinder comes into view.
Grinder shouts!
You shoot a bolt. The bolt barely misses Grinder.
Grinder drinks a potion.
Grinder seems to grow stronger.
You shoot a bolt. The bolt closely misses Grinder.
Grinder hits you!
You writhe in agony.
You shoot a bolt. The bolt hits Grinder.
Grinder is lightly wounded.
Grinder hits you!
You writhe in agony.
* * * LOW HITPOINT WARNING * * *
You are too injured to fight recklessly!
You are too injured to fight recklessly!
Fire: 10 bolts
Press: ? - help, Q - select action, (/) - cycle Shift-Dir - straight line, f/p - Grinder
Aim: Grinder (lightly wounded, strong, 62% to hit)
You shoot a bolt. The bolt hits Grinder!
Grinder is heavily wounded.
Grinder closely misses you.
Fire: 9 bolts
Press: ? - help, Q - select action, (/) - cycle Shift-Dir - straight line, f/p - Grinder
Aim: Grinder (heavily wounded, strong, 62% to hit)
You shoot a bolt.
The bolt hits Grinder but does no damage.
Grinder is heavily wounded.
Grinder gestures at you. You resist with significant effort.
Fire: 8 bolts
Press: ? - help, Q - select action, (/) - cycle Shift-Dir - straight line, f/p - Grinder
Aim: Grinder (heavily wounded, strong, 62% to hit)
You shoot a bolt. The bolt hits Grinder.
Grinder is heavily wounded.
Grinder barely misses you. Grinder hits you!
You die...

+#### # .((# + ..+ #
####5# #### #...@#
#... #....########
+... #...........# .#
#######.....#########
#.............#
#.....#....†...
#######..###†..
#....#..# #....#..#


You could see Grinder (strong).

Vanquished Creatures
  A howler monkey (D:3)
  A hound (D:4)
  2 adders
  An adder skeleton (D:3)
  A worm (D:3)
  3 dart slugs
  9 orcs
  6 bats
  7 endoplasms
  4 giant cockroaches
  6 goblins
  4 hobgoblins
  5 jackals
  5 kobolds
  3 quokkas
  7 ball pythons
  3 frilled lizards
  4 rats
72 creatures vanquished.

Vanquished Creatures (others)
  A fungus (D:2)
1 creature vanquished.

Grand Total: 73 creatures vanquished

Notes
Turn   | Place    | Note
-------+----------+-------------------------------------------
     0 | D:1      | buhh the Formicid Hunter began the quest for the Orb.
     0 | D:1      | Reached XP level 1. HP: 16/16 MP: 1/1
   171 | D:1      | Reached XP level 2. HP: 23/23 MP: 2/2
   687 | D:2      | Reached XP level 3. HP: 28/29 MP: 3/3
  1149 | D:2      | Reached XP level 4. HP: 35/35 MP: 4/4
  1671 | D:2      | Found a runed translucent door.
  1672 | D:2      | Noticed Crazy Yiuf
  2320 | D:3      | Found an iron altar of Okawaru.
  2419 | D:3      | Reached skill level 5 in Crossbows
  2430 | D:3      | Found a faded altar of an unknown god.
  2682 | D:3      | Reached XP level 5. HP: 42/42 MP: 5/5
  2962 | D:4      | Noticed Grinder
  2968 | D:4      | Slain by Grinder

Illustrated notes

Levels and vault maps discovered:
D:1:      minmay_arrival_loop, layout_loops_cross, st_stairs_9,
          minmay_misc_feat_more_columns
D:2:      layout_loops_cross, uniq_crazy_yiuf_cottage
D:3:      layout_basic, amcnicky_altar_gilded, nicolae_ecumenical_oubliette
D:4:      layout_gridville, mainiacjoe_overflow_paths,
          nicolae_sif_muna_little_library, minmay_temple_entry_nine_rooms,
          uniq_grinder

Skill      XL: |  1  2  3  4 |
---------------+-------------+-----
Fighting       | 3 4 |  4.6
Crossbows      | 5 |  5.5
Dodging        | |  1.7
Stealth        | |  1.2

Action                   |  1- 3 |  4- 6 || total
-------------------------+-------+-------++-------
Melee: Short sword       |    35 |    36 ||    71
       Punch             |       |     1 ||     1
 Fire: Hand crossbow     |    65 |    68 ||   133
 Stab: Sleeping          |     1 |       ||     1
Armor: Leather armour    |    16 |    10 ||    26
Dodge: Dodged            |    40 |    43 ||    83
